 Dungeon Crawl Stone Soup version 0.26-a0-547-g695e311 (webtiles) character file.

Game seed: 18251960674913960143

44 B1Gdaddy5 the Firebug (level 3, -3/24 HPs)
             Began as a Human Fire Elementalist on Aug 20, 2020.
             Slain by a gnoll (7 damage)
             ... on level 2 of the Dungeon.
             The game lasted 00:16:45 (1793 turns).

B1Gdaddy5 the Firebug (Human Fire Elementalist)     Turns: 1793, Time: 00:16:46

Health: -3/24      AC:  2    Str:  8    XL:     3   Next: 87%
Magic:  1/6        EV: 13    Int: 16    God:
Gold:   118        SH:  0    Dex: 13    Spells: 5/6 levels left

rFire    . . .     SeeInvis .   l - +3 dagger (venom)
rCold    . . .     Faith    .   (no shield)
rNeg     . . .     Spirit   .   a - +0 robe
rPois    .         Reflect  .   (no helmet)
rElec    .         Harm     .   (no cloak)
rCorr    .                      (no gloves)
MR       .....                  (no boots)
Stlth    ++........             (no amulet)
HPRegen  0.08/turn              (no ring)
MPRegen  0.10/turn              (no ring)

@: about to teleport
A: no striking features
a: no special abilities


You were on level 2 of the Dungeon.
You visited 1 branch of the dungeon, and saw 2 of its levels.

You collected 118 gold pieces.

Inventory:

Hand Weapons
 b - a +0 dagger
 l - a +3 dagger of venom (weapon)
Missiles
 h - 6 poisoned darts (quivered)
 j - 30 stones
Armour
 a - a +0 robe (worn)
 c - a +0 robe
Scrolls
 e - a scroll of teleportation
 k - a scroll of noise {unknown}
 m - a scroll of remove curse {unknown}
Potions
 d - a potion of lignification
 f - a potion of curing
 i - a potion of invisibility


   Skills:
 + Level 0.1 Short Blades
 + Level 2.5 Dodging
 + Level 2.0 Stealth
 + Level 2.2 Spellcasting
 + Level 1.8 Conjurations
 + Level 3.5 Fire Magic


You had 5 spell levels left.
You knew the following spells:

 Your Spells              Type           Power        Failure   Level
a - Foxfire               Conj/Fire      ##..         7%          1

Your spell library contained the following spells:

 Spells                   Type           Power        Failure   Level
 Conjure Flame            Conj/Fire      ##......     21%         3
 Inner Flame              Hex/Fire       #.......     30%         3
 Sticky Flame             Conj/Fire      ##......     54%         4
 Fireball                 Conj/Fire      ##........   88%         5


Dungeon Overview and Level Annotations

Branches:
Dungeon (2/15)

Altars:


Message History

Confirm with . or Enter, or press ? or * to list all spells.
You conjure some foxfire!
The gnoll hits you.
The foxfire hits the gnoll.
You kill the gnoll!
Casting: Foxfire (safe; 7% risk of failure)
Confirm with . or Enter, or press ? or * to list all spells.
You conjure some foxfire!
The foxfire hits the gnoll.
The gnoll is moderately wounded.
The gnoll misses you.
Casting: Foxfire (safe; 7% risk of failure)
Confirm with . or Enter, or press ? or * to list all spells.
You conjure some foxfire!
The gnoll misses you. The gnoll hits you.
The foxfire hits the gnoll.
The gnoll is severely wounded.
The gnoll hits you from afar with a +0 spear.
* * * LOW HITPOINT WARNING * * *
The gnoll barely misses you.
As you read the scroll of teleportation, it crumbles to dust.
You feel strangely unstable. The gnoll closely misses you. The gnoll hits you!
You die...

#.......#..#
#..#####.###
#.. #.# #.
#.# #. #.# #
#.# #.#
..#####g#
.....g†@#
.########


You could see 2 gnolls.

Vanquished Creatures
  A gnoll (D:2)
  An ooze (D:1)
  A dart slug (D:1)
  A leopard gecko (D:1)
  A giant cockroach (D:1)
  A goblin (D:2)
  2 hobgoblins (D:1)
  6 kobolds (D:1)
  A quokka (D:2)
  3 ball pythons
  4 bats
  2 frilled lizards (D:1)
  6 rats
  2 toadstools (D:1)
32 creatures vanquished.

Vanquished Creatures (collateral kills)
  A bat (D:1)
1 creature vanquished.

Vanquished Creatures (others)
  72 foxfires
  2 toadstools (D:1)
74 creatures vanquished.

Grand Total: 107 creatures vanquished

Notes
Turn   | Place    | Note
-------+----------+-------------------------------------------
     0 | D:1      | B1Gdaddy5 the Human Fire Elementalist began the quest for
                  | the Orb.
     0 | D:1      | Reached XP level 1. HP: 13/13 MP: 3/3
   178 | D:1      | Reached XP level 2. HP: 19/19 MP: 3/5
   877 | D:1      | Reached XP level 3. HP: 24/24 MP: 3/6
  1793 | D:2      | Slain by a gnoll

Illustrated notes

Levels and vault maps discovered:
D:1:      ldierk_water_garden, layout_basic, serial_park_tiny_pond
D:2:      layout_loops_ring, uniq_sigmund

Action                   || total
-------------------------++-------
Melee: Unarmed           ||     6
       Dagger            ||     7
Throw: Stone             ||     3
 Cast: Foxfire           ||    49
  Use: Scroll            ||     8
Armor: Robe              ||     7
Dodge: Dodged            ||    34

Table legend: (Time is in decaauts)
 A = Elapsed time spent in this place.
 B = Non-inter-level travel time spent in this place.
 C = Inter-level travel time spent in this place.
 D = Time resting spent in this place.
 E = Time spent auto-exploring this place.
 F = Levels seen in this place.
 G = Mean time per level.
                   A        B        C        D        E       F      G
               +--------+--------+--------+--------+--------+-----+--------+
         Total |   1791 |   1744 |     47 |    475 |    852 |   2 |  895.5 |
       Dungeon |   1791 |   1744 |     47 |    475 |    852 |   2 |  895.5 |
               +--------+--------+--------+--------+--------+-----+--------+

Top non-repeatable levels by time:
     D:1: 1635 daAuts
     D:2: 156 daAuts
